 Dungeon Crawl Stone Soup version 0.15.2 (webtiles) character file.

83 bullock the Ruinous (level 4, -3/24 HPs)
             Began as a Gargoyle Wizard on Nov 14, 2014.
             Was an Initiate of Vehumet.
             Killed by divine providence
             ... invoked by an orc priest
              (13 damage)
             ... on Level 3 of the Dungeon.
             The game lasted 00:06:27 (2341 turns).

bullock the Ruinous (Gargoyle Wizard)               Turns: 2341, Time: 00:06:27

HP  -3/24        AC  9     Str 10      XL: 4   Next: 44%
MP   7/10        EV 11     Int 20      God: Vehumet [......]
Gold 104         SH  0     Dex  8      Spells:  4 memorised,  2 levels left

rFire  . . .     SeeInvis .     b - +5 club
rCold  . . .     Clarity  .     a - +0 robe
rNeg   + . .     rCorr    .     (no shield)
rPois  +         rRot     +     l - +2 helmet
rElec  +         Spirit   .     (no cloak)
SustAb .         Warding  .     (no gloves)
rMut   .         Stasis   .     t - +0 pair of boots
Gourm  .                        (no amulet)
MR     .....                    (no ring)
                                (no ring)

@: not resistant to hostile enchantments, unstealthy
A: negative energy resistance 1, electricity resistance, unbreathing,
petrification resistance, rot immunity, AC +3
a: Renounce Religion


You were on level 3 of the Dungeon.
You worshipped Vehumet.
Vehumet was noncommittal.
You were not hungry.

You visited 1 branch of the dungeon, and saw 3 of its levels.

You collected 104 gold pieces.

Inventory:

Hand weapons
 b - a +5 club (weapon)
Armour
 a - a +0 robe (worn)
 l - a +2 helmet (worn)
 t - a +0 pair of boots (worn)
Comestibles
 d - 3 bread rations
 i - a beef jerky
 u - a chunk of goblin flesh
Scrolls
 f - 4 scrolls of recharging {unknown}
 g - 2 scrolls of magic mapping {unknown}
 j - a scroll of amnesia {unknown}
 m - 2 scrolls of remove curse {unknown}
 n - a scroll of random uselessness {unknown}
 o - a scroll of enchant armour {unknown}
 p - a scroll of fear {unknown}
 q - a scroll of fog {unknown}
 r - a scroll of enchant weapon {unknown}
Potions
 e - 3 potions of curing {unknown}
 h - a potion of might {unknown}
 k - a potion of invisibility {unknown}
 s - a potion of flight {unknown}
Books
 c - a book of Minor Magic

   Spells                             Type                      Level
   *Magic Dart                        Conjuration                  1
   *Blink                             Translocation                2
   Call Imp                           Summoning                    2
   *Repel Missiles                    Charms/Air                   2
   Slow                               Hexes                        2
   *Conjure Flame                     Conjuration/Fire             3
   Mephitic Cloud                     Conjuration/Poison/Air       3


   Skills:
 - Level 1.5 Dodging
 - Level 2.1 Stealth
 + Level 3.5 Spellcasting
 * Level 3.7 Conjurations
   Level 0.8 Summonings
 * Level 1.2 Translocations


You had 2 spell levels left.
You knew the following spells:

 Your Spells              Type           Power        Failure   Level  Hunger
a - Magic Dart            Conj           ###.         2%          1    None
f - Conjure Flame         Conj/Fire      ##......     21%         3    ###....
q - Blink                 Tloc           N/A          14%         2    ##.....
v - Repel Missiles        Chrm/Air       #.....       24%         2    ##.....


Dungeon Overview and Level Annotations

Branches:
Dungeon (3/15)

Altars:
Nemelex Xobeh
Vehumet


Innate Abilities, Weirdness & Mutations

You are resistant to torment.
You are immune to poison.
Your stone body is very resilient (AC +3).
You resist negative energy.
You are resistant to electric shocks.
You can survive without breathing.
You are immune to petrification.
You are immune to rotting.


Message History

The magic dart hits the orc priest.
The orc priest is moderately wounded.
Casting: Magic Dart
Confirm with . or Enter, or press ? or * to list all spells.
Aiming: Magic Dart
Press: ? - help, Shift-Dir - straight line, f/p - orc priest
Aim: an orc priest, wielding a flail (moderately wounded)
The magic dart hits the orc priest.
The orc priest is severely wounded.
Casting: Magic Dart
Confirm with . or Enter, or press ? or * to list all spells.
Aiming: Magic Dart
Press: ? - help, Shift-Dir - straight line, f/p - orc priest
Aim: an orc priest, wielding a flail (severely wounded)
The magic dart hits the orc priest.
The orc priest is almost dead.
The orc priest mumbles some strange prayers to Beogh against you.
Something smites you!
Ouch! That really hurt!
You die...

##.######....g.####...####.
.............#####........#.
##.....#.....# #..........#
#.(...###[#g#####........##.
#...........g...$............
#..g..###.o.#o# ##....# #.#
#§.....o.#....# #...(.## #.#
#..g.###.#....###...#.(## #.#
#g######.#(..@..........###.##
#g..g.........................
#..######...#..%(#######.##.##
#.§# ###.#.#...# #....## ####
###...###..# ####... #......#
#....##...... ##<.....##
###......... #........#
####...... #........# #......


You could see an orc priest, 2 gnolls and an orc.

Vanquished Creatures
  Ijyb (D:2)
  Jessica (D:2)
  An adder (D:2)
  3 giant geckos
  9 bats
  3 giant cockroaches
  2 hobgoblins
  3 jackals (D:3)
  4 kobolds
  4 giant newts
  A goblin (D:2)
  7 rats
39 creatures vanquished.

Notes
Turn   | Place    | Note
--------------------------------------------------------------
     0 | D:1      | bullock, the Gargoyle Wizard, began the quest for the Orb.
     0 | D:1      | Reached XP level 1. HP: 10/10 MP: 4/4
   714 | D:1      | Reached XP level 2. HP: 15/15 MP: 0/6
  1036 | D:1      | Learned a level 2 spell: Blink
  1039 | D:1      | Learned a level 2 spell: Repel Missiles
  1317 | D:2      | Found a radiant altar of Vehumet.
  1326 | D:2      | Became a worshipper of Vehumet
  1407 | D:2      | Noticed Ijyb
  1431 | D:2      | Killed Ijyb
  1431 | D:2      | Reached XP level 3. HP: 17/19 MP: 0/8
  1562 | D:2      | Found a sparkling altar of Nemelex Xobeh.
  1562 | D:2      | Noticed Jessica
  1567 | D:2      | Killed Jessica
  1567 | D:2      | Reached skill level 1 in Translocations
  1567 | D:2      | Reached XP level 4. HP: 24/24 MP: 2/9
  2288 | D:2      | Learned a level 3 spell: Conjure Flame
  2341 | D:3      | Killed from afar by an orc priest

Action                   |  1- 3 |  4- 6 || total
-------------------------+-------+-------++-------
Melee: Unarmed           |    10 |       ||    10
       Whip              |    24 |       ||    24
       Club              |       |     9 ||     9
 Cast: Magic Dart        |    64 |    21 ||    85
       Repel Missiles    |     1 |       ||     1
       Blink             |       |     3 ||     3
  Eat: Chunk             |     2 |     2 ||     4
